 Dungeon Crawl Stone Soup version 0.30-a0-1157-g2cc9ac7196 (webtiles) character file.

Game seed: 3519351725048744573

8 iamoutofideas the Chopper (level 2, 0/27 HPs)
             Began as a Hill Orc Monk on Apr 24, 2023.
             Succumbed to a goblin's poison
             ... on level 1 of the Dungeon.
             The game lasted 00:00:24 (214 turns).

iamoutofideas the Chopper (Hill Orc Monk)            Turns: 214, Time: 00:00:25

Health: 0/27       AC:  2    Str: 13    XL:     2   Next: 8%
Magic:  2/2        EV: 12    Int: 10    God:
Gold:   0          SH:  0    Dex: 13    Spells: 1/1 levels left

rFire   . . .        a - +0 hand axe
rCold   . . .        d - orb {light}
rNeg    . . .        b - +0 robe
rPois   .            (no helmet)
rElec   .            (no cloak)
rCorr   .            (no gloves)
SInv    .            (no boots)
Will    .....        (no amulet)
Stlth   +            (no ring)
HPRegen 0.24/turn    (no ring)
MPRegen 0.08/turn

%: no passive effects
@: lethally poisoned (0 -> -24), glowing
A: no striking features
a: no special abilities


You were on level 1 of the Dungeon.
You visited 1 branch of the dungeon, and saw 1 of its levels.

Inventory:

Hand Weapons
 a - a +0 hand axe (weapon)
Armour
 b - a +0 robe (worn)
 d - an orb of light (worn)
Potions
 c - a potion of ambrosia
 e - a potion of heal wounds {unknown}


   Skills:
 + Level 3.8 Fighting
 * Level 4.4 Axes
 + Level 2.5 Dodging


You had one spell level left.
You didn't know any spells.
Your spell library contained the following spells:

 Spells                   Type           Power      Damage    Failure   Level
 Magic Dart               Conj           0%         1d3       36%         1
 Slow                     Hex            0%         N/A       36%         1
 Searing Ray              Conj           0%         2d4       50%         2
 Confusing Touch          Hex            0%         N/A       75%         3
 Vampiric Draining        Necr           0%         2d6       75%         3
 Fulminant Prism          Conj/Hex       0%         3d5       98%         4


Dungeon Overview and Level Annotations

Branches:
Dungeon (1/15)

Altars:


Message History

You hit the goblin. You hit the jackal. The quokka bites you.
The goblin hits you with a +0 dagger. The jackal bites you.
Unknown command.
You closely miss the jackal.
The jackal is heavily wounded.
You hit the quokka. You hit the goblin.
You kill the goblin!
The quokka closely misses you. The jackal closely misses you.
The quokka barely misses you. The jackal closely misses you.
Unknown command.
You hit the quokka.
You kill the quokka!
You hit the jackal.
You kill the jackal!
You barely miss the kobold. The kobold hits you but does no damage.
You have reached level 2!
You hit the kobold.
The kobold is moderately wounded.
You barely miss the goblin. You hit the quokka but do no damage.
The goblin hits you with a +0 dagger of venom.
You are poisoned.
The kobold misses you. The quokka misses you. The goblin barely misses you.
The kobold hits you but does no damage.
You barely miss the kobold.
The kobold is moderately wounded.
You closely miss the quokka. You hit the goblin.
You feel very sick. The quokka barely misses you.
The goblin hits you with a +0 dagger of venom.
* * * LOW HITPOINT WARNING * * *
You are more poisoned.
The kobold hits you with a +0 dagger.
* * * LOW HITPOINT WARNING * * *
Unknown command.
You are too injured to fight recklessly!
You are too injured to fight recklessly!
Unknown command.
The goblin attacks as you move away! The goblin hits you but does no damage.
You are more poisoned.
You die...

###.........#
#.....
#.........#
####..
##+####.### #.#
#.##### #.....#
#####.# #.# #@#
#.#
......Kgr...#
........g..?#
...............
.......?.......
...............
...............
###########....


You could see a quokka, a hobgoblin, a goblin and a kobold.

Vanquished Creatures
  4 jackals (D:1)
  A quokka (D:1)
  A ball python (D:1)
  A goblin (D:1)
7 creatures vanquished.

Notes
Turn   | Place    | Note
-------+----------+-------------------------------------------
     0 | D:1      | iamoutofideas the Hill Orc Monk began the quest for the
                  | Orb.
     0 | D:1      | Reached XP level 1. HP: 19/19 MP: 1/1
   212 | D:1      | Reached XP level 2. HP: 16/27 MP: 2/2
   214 | D:1      | Succumbed to a goblin's poison

Illustrated notes

Levels and vault maps discovered:
D:1:      matt_arrival_refuge, layout_basic, nrook_mini_backslash

Action                     || total
---------------------------++-------
  Melee: Hand axe          ||    11
 Armour: Robe              ||     5
  Dodge: Dodged            ||    20

Table legend: (Time is in decaauts)
 A = Elapsed time spent in this place.
 B = Non-inter-level travel time spent in this place.
 C = Inter-level travel time spent in this place.
 D = Time resting spent in this place.
 E = Time spent auto-exploring this place.
 F = Levels seen in this place.
 G = Mean time per level.
                   A        B        C        D        E       F      G
               +--------+--------+--------+--------+--------+-----+--------+
         Total |    215 |    215 |      0 |      0 |    190 |   1 |  215.0 |
       Dungeon |    215 |    215 |      0 |      0 |    190 |   1 |  215.0 |
               +--------+--------+--------+--------+--------+-----+--------+

Top non-repeatable levels by time:
     D:1: 215 daAuts
